 Dungeon Crawl Stone Soup version 0.24.0-125-gc4c63601f3 (webtiles) character file.

Game seed: 5325718954576439606, levelgen mode: deterministic

669 Dustman the Chopper (level 7, 0/60 (61) HPs)
             Began as a Ghoul Berserker on Mar 10, 2020.
             Was a Priest of Trog.
             Engulfed by a cloud of steam (8 damage)
             ... on level 5 of the Dungeon.
             The game lasted 00:17:45 (1896 turns).

Dustman the Chopper (Ghoul Berserker)               Turns: 1896, Time: 00:17:46

HP:   0/60 (61)     AC:  9    Str: 25    XL:     7   Next: 58%
MP:   6/6           EV:  9    Int:  3    God:    Trog [***...]
Gold: 205           SH:  0    Dex: 10    Spells: 6/6 levels left

rFire    . . .     SeeInvis .   w - +1 war axe (elec)
rCold    + . .     Gourm    .   (no shield)
rNeg     + + +     Faith    .   n - +0 chain mail
rPois    ∞         Spirit   .   (no helmet)
rElec    .         Reflect  .   (no cloak)
rCorr    .         Harm     .   (no gloves)
MR       .....                  (no boots)
Stlth    ..........             (no amulet)
HPRegen  0.00/turn              (no ring)
MPRegen  0.10/turn              (no ring)

@: mighty, rotting
A: rotting body, claws 1, carnivore, cold resistance 1, negative energy
resistance 3, inhibited regeneration, torment resistance, unbreathing
a: Trog's Hand, Renounce Religion


You were on level 5 of the Dungeon.
You worshipped Trog.
Trog was most pleased with you.
You were not hungry.

You visited 1 branch of the dungeon, and saw 5 of its levels.

You collected 205 gold pieces.

Inventory:

Hand Weapons
 a - a +0 hand axe
 w - a +1 war axe of electrocution (weapon)
Armour
 b - a +0 animal skin
 n - a +0 chain mail (worn)
 u - a cursed +0 helmet
Jewellery
 j - a +3 ring of strength {unknown}
Wands
 v - a wand of enslavement (6)
Scrolls
 e - 2 scrolls of remove curse {unknown}
 i - 5 scrolls of identify {unknown}
 k - 2 scrolls of magic mapping {unknown}
 l - a scroll of fog {unknown}
 m - 3 scrolls of teleportation
 o - a scroll of blinking {unknown}
 p - 2 scrolls of enchant weapon {unknown}
 q - a scroll of noise {unknown}
 s - a scroll of amnesia {unknown}
 t - a scroll of fear {unknown}
Potions
 d - a potion of flight
 f - a potion of might
 g - a potion of invisibility {unknown}
 h - a potion of cancellation {unknown}
 r - a potion of lignification {unknown}
Comestibles
 c - 2 rations


   Skills:
 + Level 5.1 Fighting
 * Level 5.4 Axes
 + Level 3.6 Armour
 + Level 3.5 Dodging


You had 6 spell levels left.
You didn't know any spells.
Your spell library was empty.

Dungeon Overview and Level Annotations

Branches:
Dungeon (5/15)
 Temple: D:4-7

Altars:
Dithmenos
Ru
Uskayaw


Innate Abilities, Weirdness & Mutations

Your body is rotting away.
You thrive on raw meat.
You are immune to poison.
You have sharp fingernails.
You are carnivorous and can eat meat at any time.
Your flesh is cold resistant. (rC+)
You are immune to negative energy. (rN+++)
You do not regenerate when monsters are visible.
You are immune to unholy pain and torment.
You can survive without breathing.


Message History

Evoke which item? (* to show all) (? for menu, Esc to quit)
Aiming: Enslavement
Press: ? - help, Shift-Dir - straight line, f - steam dragon
Aim: a steam dragon (severely wounded, chance to defeat MR: 46%)
Okay, then.
Unknown command.
It was a potion of might.
You feel very mighty all of a sudden.
The crimson imp shouts, "Remove thy stench, thou fobbing tip-merry walking corpse!"
The crimson imp barely misses you. The steam dragon breathes steam at you.
The ball of steam misses you.
You slash the steam dragon!
You kill the steam dragon!
Trog accepts your kill.
The steam dragon scales are intact enough to wear.
Your Fighting skill increases to level 5!
You barely miss the crimson imp.
You are engulfed in a cloud of scalding steam.
You die...

##...........
.............
#............
#............
#............
#...........
#.)5[.......
#.@........
#§.[.......
##........#
#......###
########


You could see a crimson imp.

Vanquished Creatures
  A steam dragon (D:5)
  A howler monkey (D:4)
  2 hounds (D:4)
  An orc wizard (D:3)
  A bullfrog skeleton (D:4)
  Natasha (thrice) (D:4)
  3 worker ants (D:4)
  A hound skeleton (D:5)
  Robin (D:4)
  7 adders
  2 oozes (D:3)
  2 adder skeletons (D:4)
  3 worms
  A dart slug (D:3)
  2 leopard geckos
  14 orcs
  2 bats (D:3)
  15 goblins
  9 hobgoblins
  12 jackals
  2 kobolds
  3 quokkas
  2 ball pythons
  7 frilled lizards
  6 rats
103 creatures vanquished.

Vanquished Creatures (collateral kills)
  An orc wizard (D:4)
1 creature vanquished.

Grand Total: 104 creatures vanquished

Notes
Turn   | Place    | Note
-------+----------+-------------------------------------------
     0 | D:1      | Dustman the Ghoul Berserker began the quest for the Orb.
     0 | D:1      | Reached XP level 1. HP: 19/19 MP: 0/0
   124 | D:1      | Reached XP level 2. HP: 23/25 MP: 1/1
   478 | D:3      | Reached XP level 3. HP: 20/31 MP: 2/2
   588 | D:3      | Reached ** piety under Trog
   644 | D:3      | Found a shadowy altar of Dithmenos.
   663 | D:3      | Reached XP level 4. HP: 37/39 MP: 3/3
   784 | D:2      | Reached XP level 5. HP: 37/45 MP: 4/4
   838 | D:2      | Found a sacrificial altar of Ru.
   839 | D:2      | Found a hide-covered altar of Uskayaw.
  1140 | D:4      | Noticed Natasha
  1173 | D:4      | Killed Natasha
  1228 | D:4      | Reached *** piety under Trog
  1228 | D:4      | Reached XP level 6. HP: 48/53 MP: 5/5
  1247 | D:4      | Noticed Natasha
  1256 | D:4      | Killed Natasha
  1375 | D:5      | Entered Level 5 of the Dungeon
  1398 | D:4      | Received a gift from Trog
  1407 | D:4      | Noticed Robin
  1430 | D:4      | Killed Robin
  1642 | D:4      | HP: 2/53 [something/magic dart (9)]
  1643 | D:4      | Noticed Natasha
  1680 | D:4      | Reached XP level 7. HP: 17/60 MP: 6/6
  1725 | D:4      | Reached skill level 5 in Axes
  1779 | D:5      | Found a shadowy altar of Dithmenos.
  1862 | D:4      | Killed Natasha
  1882 | D:5      | Noticed a steam dragon
  1896 | D:5      | Killed a steam dragon
  1896 | D:5      | Reached skill level 5 in Fighting
  1896 | D:5      | Engulfed by a cloud of steam

Levels and vault maps discovered:
D:1:      dpeg_arrival_fog, layout_loops_cross, chequers_big_river
D:2:      layout_loops_ring, grunt_temple_overflow_magic_moments,
          gammafunk_temple_overflow_statue, first_ration
D:3:      minmay_skewed_foursquare, layout_basic, marbit_many_paths,
          chequers_ecumenical_altar_simple
D:4:      layout_basic, uniq_robin, uniq_natasha
D:5:      layout_cave_pods, basic_altar, minmay_misc_feat_hallway,
          grunt_dithmenos_smoke_and_mirrors

Skill      XL: |  1  2  3  4  5  6  7 |
---------------+----------------------+-----
Dodging        | 2 3 |  3.5
Axes           | 3 4 5 |  5.4
Armour         | 2 3 |  3.6
Fighting       | 4 5 |  5.1

Action                   |  1- 3 |  4- 6 |  7- 9 || total
-------------------------+-------+-------+-------++-------
Melee: Hand axe          |   111 |   309 |    32 ||   452
       War axe           |       |       |     8 ||     8
Evoke: Wand              |       |     3 |       ||     3
  Use: Potion            |       |     4 |     1 ||     5
       Scroll            |       |     1 |       ||     1
  Eat: Chunk             |    17 |    15 |     9 ||    41
Armor: Animal skin       |     6 |       |       ||     6
       Chain mail        |    35 |   198 |    23 ||   256
Dodge: Dodged            |    57 |   131 |    13 ||   201
